 Dungeon Crawl Stone Soup version 0.21-a0-440-g28109cb (webtiles) character file.

224 slep the Covered (level 6, -1/49 HPs)
             Began as a Barachi Fighter on Nov 11, 2017.
             Killed from afar by an orc wizard (5 damage)
             ... with a magic dart
             ... on level 3 of the Dungeon.
             The game lasted 00:06:15 (1708 turns).

slep the Covered (Barachi Fighter)                  Turns: 1708, Time: 00:06:16

Health: -1/49      AC:  7    Str: 19    XL:     6   Next: 0%
Magic:  6/6        EV:  8    Int:  8    God:
Gold:   160        SH:  9    Dex: 12    Spells: 5/5 levels left

rFire    . . .     SeeInvis .   a - +0 long sword
rCold    . . .     Gourm    .   c - +0 shield
rNeg     . . .     Faith    .   b - +0 scale mail
rPois    .         Spirit   .   (no helmet)
rElec    .         Reflect  .   (no cloak)
rCorr    .         Harm     .   (no gloves)
MR       .....                  (no boots)
Stlth    ..........             (no amulet)
HPRegen  0.16/turn              (no ring)
MPRegen  0.10/turn              (no ring)

@: slow
A: +LOS, swims, slowness 1, strong legs 1
a: Hop


You were on level 3 of the Dungeon.
You were not hungry.

You visited 1 branch of the dungeon, and saw 3 of its levels.

You collected 160 gold pieces.

Inventory:

Hand Weapons
 a - a +0 long sword (weapon)
Armour
 b - a +0 scale mail (worn)
 c - a +0 shield (worn)
Scrolls
 e - a scroll of teleportation {unknown}
 g - a scroll of amnesia {unknown}
 h - a scroll of recharging {unknown}
 j - 2 scrolls of fear {unknown}
 k - 2 scrolls of identify {unknown}
 l - a scroll of magic mapping {unknown}
 p - a scroll of remove curse {unknown}
 q - a scroll of enchant armour {unknown}
Potions
 d - a potion of might
 m - a potion of lignification {unknown}
 o - a potion of agility {unknown}
Comestibles
 f - 3 bread rations
 i - 2 royal jellies
 n - 2 fruits


   Skills:
 + Level 4.4 Fighting
 + Level 4.5 Long Blades
 + Level 4.9 Armour
 + Level 1.4 Dodging
 + Level 0.3 Stealth
 + Level 4.2 Shields


You had 5 spell levels left.
You didn't know any spells.

Dungeon Overview and Level Annotations

Branches:
Dungeon (3/15)

Altars:


Innate Abilities, Weirdness & Mutations

Shadows flee at your approach. (+LOS)
You can swim through water.
You cover ground slowly.
You can hop short distances.


Message History

The orc wizard blinks!
The orc hits you from afar with a trident.
* * * LOW HITPOINT WARNING * * *
You block the orc's attack.
The orc wizard mumbles some strange words.
The orc wizard blinks!
You closely miss the orc wizard.
The orc wizard is almost dead.
The orc wizard casts a spell.
The orc wizard blinks!
The orc wizard gestures at you while chanting.
The magic dart hits you!
* * * LOW HITPOINT WARNING * * *
The orc misses you.
The orc wizard hits you with a dagger of holy wrath.
* * * LOW HITPOINT WARNING * * *
You block the orc's attack. The orc wizard casts a spell at you.
The magic dart hits you!
You die...

#.#.........
#.#.........
#.#.........
#.#......... ####
#.#......... #..
..#.........
#.########.........
#o#...####.........
#)@.ยง..............
#o#)..##.#.########
#.#...##.#.#
#.######.#.# #.#
#.#.# #.# #.#.# #.#
#.#.# ### #.#.#
#.#.#


You could see an orc wizard and an orc.

Vanquished Creatures
  The ghost of Kerberun the Shield-Bearer, an amateur MiFi (D:3)
  3 adders (D:2)
  An ooze (D:1)
  A dart slug (D:2)
  A leopard gecko (D:2)
  An orc (D:3)
  3 giant cockroaches (D:2)
  5 goblins
  6 hobgoblins
  8 jackals
  3 kobolds
  4 bats
  6 frilled lizards
  4 rats
47 creatures vanquished.

Notes
Turn   | Place    | Note
-------+----------+-------------------------------------------
     0 | D:1      | slep the Barachi Fighter began the quest for the Orb.
     0 | D:1      | Reached XP level 1. HP: 18/18 MP: 1/1
    46 | D:1      | Reached XP level 2. HP: 21/25 MP: 2/2
   413 | D:1      | Reached XP level 3. HP: 30/30 MP: 3/3
  1113 | D:2      | Reached XP level 4. HP: 10/37 MP: 4/4
  1587 | D:3      | Noticed Kerberun's ghost (amateur MiFi)
  1596 | D:3      | Killed Kerberun's ghost
  1596 | D:3      | Reached skill level 1 in Dodging
  1596 | D:3      | Reached XP level 5. HP: 34/43 MP: 5/5
  1691 | D:3      | Reached XP level 6. HP: 25/49 MP: 6/6
  1708 | D:3      | Killed from afar by an orc wizard

Vault maps used:
D:1:      dpeg_arrival_simpleton_c, serial_co_window_serial, co_window_corner_a,
          co_window_of_opportunity_a, co_window_paths_b, co_window_corner_a,
          co_window_paths_b, co_window_paths_b, co_window_paths_a,
          co_window_paths_b, co_window_of_opportunity_a, co_window_broadway_a,
          co_window_paths_c, co_window_broadway_a, co_window_cross_2,
          co_window_paths_d, glass_columns_b, glass_columns_b, glass_columns_a,
          glass_columns_b, glass_columns_b
D:2:      first_bread, minmay_circled_x
D:3:      makhleb_blood_cavern_becter

Skill      XL: |  1  2  3  4 |
---------------+-------------+-----
Armour         | 4 |  4.9
Long Blades    | 3 4 |  4.5
Fighting       | 4 |  4.4
Dodging        | 1 |  1.4
Shields        | 4 |  4.2
Stealth        | |  0.3

Action                   |  1- 3 |  4- 6 || total
-------------------------+-------+-------++-------
Melee: Long sword        |   117 |    81 ||   198
  Use: Potion            |       |     2 ||     2
  Eat: Chunk             |       |     4 ||     4
Armor: Scale mail        |    67 |    37 ||   104
Dodge: Dodged            |    43 |    24 ||    67
Block: Shield            |    73 |    43 ||   116
       Rpst.: Long sword |    16 |     7 ||    23

Table legend:
 A = Spawn XP
 B = Non-spawn XP
 C = Spawn XP percentage of total XP
 D = Spawn monster count
 E = Non-spawn monster count
 F = Spawn count percentage of total count
 G = Total turns spent on level
                    A         B        C        D         E        F      G
               +---------+---------+-------+---------+---------+-------+---------
         Total |       0 |     321 |   0.0 |       0 |      47 |   0.0 |  1708
               +---------+---------+-------+---------+---------+-------+---------
           D:1 |       0 |      35 |   0.0 |       0 |      18 |   0.0 |   827
           D:2 |       0 |      79 |   0.0 |       0 |      25 |   0.0 |   707
           D:3 |       0 |     207 |   0.0 |       0 |       4 |   0.0 |   174
               +---------+---------+-------+---------+---------+-------+---------
